AoeStats
← joosephy

Oasis

508226186Analyzed
3v3 RM · 10d ago on Sep 21, 2026· 13m 17s· 6 players
Game mode
Random Map
Map size
Normal (6 player)
Population
200
Speed
Normal
Resources
Standard
Victory
Conquest
Starting age
Dark Age
Ending age
Imperial Age
RankedLock teamsTeams togetherTeam positionsShared explorationLock speedFull tech treeHidden civsTurbo modeCheats
Victory
Defeat
🇦🇷 Saracens · Argentina
1756
+5
🇦🇷 Ethiopians · Argentina
1688
+6
🇦🇷 Magyars · Argentina
1560
+10
🇹🇼 Japanese · Taiwan
1580
-11
🇭🇰 Teutons · Hong Kong SAR China
1410
-6
🇹🇼 Persians · Taiwan
1321
-4
Game project 0001
11:43 Feudal Age
9:58 Loom
11:47 Feudal Age
joosephy
9:29 Loom
11:45 Feudal Age
洗勒烤喔
7:04 Loom
9:52 Feudal Age
Brut
2:57 Loom
10:34 Feudal Age
11:19 Double-Bit Axe
changolango
6:32 Loom
9:20 Feudal Age
11:15 Double-Bit Axe
Paiza
7:08 Loom
9:41 Feudal Age
12:19 Fletching
Connection lost

Rejoining the realm…

Still unreachable

The connection could not be restored.

Session expired

The server has moved on; the page needs a fresh start.